 Dungeon Crawl Stone Soup version 0.23-a0-494-g91793a9 (webtiles) character file.

22733 zishaf the Destroyer (level 12, -4/66 HPs)
             Began as a Deep Elf Fire Elementalist on Dec 3, 2018.
             Was a High Priest of Dithmenos.
             Slain by a black mamba (8 damage)
             ... on level 4 of the Lair of Beasts.
             The game lasted 01:13:24 (16868 turns).

zishaf the Destroyer (Deep Elf Fire Elementalist)  Turns: 16868, Time: 01:13:26

Health: -4/66      AC:  8    Str:  6    XL:     12   Next: 65%
Magic:  23/32      EV: 19    Int: 32    God:    Dithmenos [*****.]
Gold:   1108       SH:  5    Dex: 15    Spells: 5/23 levels left

rFire    + . .     SeeInvis .   Z - +5 dagger "Concordance" {flame, rElec rPois MR+}
rCold    . . .     Gourm    .   D - +0 buckler
rNeg     . . .     Faith    .   W - +2 robe {MR+}
rPois    +         Spirit   .   (no helmet)
rElec    +         Reflect  .   J - +1 cloak
rCorr    .         Harm     .   I - +0 pair of gloves
MR       +++..                  S - +0 pair of boots
Stlth    +++++++...             y - amulet of magic regeneration
HPRegen  0.21/turn              U - ring of Noep Kobbi {rElec MP+9 Str-5 Int+6}
MPRegen  0.48/turn              V - ring of Roocs {rF+ Str+6}

@: lethally poisoned (-4 -> -22), wreathed by umbra, drained
A: no striking features
a: Shadow Step, Shadow Form, Renounce Religion


You were on level 4 of the Lair of Beasts.
You worshipped Dithmenos.
Dithmenos was extremely pleased with you.
You were not hungry.

You visited 2 branches of the dungeon, and saw 16 of its levels.
You also visited: Ice Cave.

You collected 1108 gold pieces.

Inventory:

Hand Weapons
 M - a +0 blowgun
 Z - the +5 dagger "Concordance" (weapon) {flame, rElec rPois MR+}
   (You found it on level 2 of the Lair of Beasts)

   It has been specially enchanted to burn those struck by it, causing extra
   injury to most foes and up to half again as much damage against particularly
   susceptible opponents.
   It insulates you from electricity.
   It protects you from poison.
   It affects your resistance to hostile enchantments.
Missiles
 v - 63 poisoned needles
 H - 2 needles of frenzy
Armour
 C - a +2 shield of cold resistance
 D - a +0 buckler (worn)
 I - a +0 pair of gloves (worn)
 J - a +1 cloak (worn)
 S - a +0 pair of boots (worn)
 W - a +2 robe of magic resistance (worn)
Magical Staves
 s - an uncursed staff of fire
Jewellery
 y - an amulet of magic regeneration (around neck)
 K - an uncursed ring of poison resistance
 Q - an uncursed ring of positive energy {unknown}
 U - the ring of Noep Kobbi (left hand) {rElec MP+9 Str-5 Int+6}
   (You found it on level 10 of the Dungeon)

   [ring of magical power]

   It affects your strength (-5).
   It affects your intelligence (+6).
   It insulates you from electricity.
   It affects your magic capacity (+9).
 V - the ring of Roocs (right hand) {rF+ Str+6}
   (You found it on level 10 of the Dungeon)

   [ring of protection from fire]

   It affects your strength (+6).
   It protects you from fire.
Wands
 f - a wand of polymorph (14)
 q - a wand of acid (12)
 x - a wand of digging (8)
 A - a wand of flame (15)
 O - a wand of paralysis (13)
Scrolls
 a - a scroll of vulnerability {unknown}
 d - 4 scrolls of fog
 g - 4 scrolls of blinking
 h - 2 scrolls of random uselessness {unknown}
 l - 4 scrolls of enchant armour
 m - 8 scrolls of remove curse
 n - 2 scrolls of enchant weapon
 p - 4 scrolls of fear
 r - 6 scrolls of immolation
 t - 6 scrolls of teleportation
 u - 3 scrolls of amnesia
 L - a scroll of magic mapping {unknown}
Potions
 b - a potion of invisibility {unknown}
 e - 11 potions of curing
 i - 3 potions of brilliance
 j - 8 potions of heal wounds
 k - 2 potions of resistance {unknown}
 z - 2 potions of berserk rage {unknown}
 B - 2 potions of might
 E - 2 potions of degeneration {unknown}
 F - 4 potions of mutation {unknown}
 G - 2 potions of lignification {unknown}
 N - 3 potions of cancellation {unknown}
 P - 7 potions of flight {unknown}
 Y - a potion of ambrosia {unknown}
Miscellaneous
 T - a lamp of fire
 X - a fan of gales
Comestibles
 c - 20 rations


   Skills:
 - Level 4.2(4.0) Fighting
 - Level 4.0(3.8) Staves
 + Level 9.9(9.6) Dodging
 - Level 9.0(8.7) Stealth
 + Level 4.4(4.2) Shields
 - Level 6.1(5.8) Spellcasting
 - Level 11.0(10.7) Conjurations
 * Level 3.0(2.8) Hexes
 - Level 6.1(5.9) Summonings
 + Level 10.1(9.9) Fire Magic
 - Level 6.1(5.9) Air Magic
 + Level 2.8(2.6) Evocations


You had 5 spell levels left.
You knew the following spells:

 Your Spells              Type           Power        Failure   Level  Hunger
a - Throw Flame           Conj/Fire      ######       1%          2    None
b - Flame Tongue          Conj/Fire      #####        1%          1    None
c - Conjure Flame         Conj/Fire      ######..     1%          3    None
d - Fireball              Conj/Fire      ######....   1%          5    #####..
e - Summon Lightning Spi  Summ/Air       #####...     4%          4    ###....
f - Inner Flame           Hex/Fire       ######..     1%          3    None

Your spell library contained the following spells:

 Spells                   Type           Power        Failure   Level  Hunger
 Summon Butterflies       Summ           #####...     1%          1    None
 Summon Small Mammal      Summ           ####         1%          1    None
 Call Imp                 Summ           #####...     1%          2    None
 Call Canine Familiar     Summ           #####...     1%          3    None
 Sticky Flame             Conj/Fire      ######..     1%          4    ###....
 Summon Guardian Golem    Hex/Summ       #####...     2%          3    None
 Bolt of Magma            Conj/Fire/Erth ######....   8%          5    #####..
 Summon Ice Beast         Ice/Summ       ####....     14%         4    ###....
 Iskenderun's Battlesphe  Conj/Chrm      #####...     14%         5    #####..
 Venom Bolt               Conj/Pois      #####.....   14%         5    #####..
 Agony                    Necr           #.......     78%         5    #####..
 Orb of Destruction       Conj           ######....   43%         7    #######
 Iron Shot                Conj/Erth      #####.....   61%         6    ######.
 Spellforged Servitor     Conj/Summ      ######....   78%         7    #######


Dungeon Overview and Level Annotations

Branches:
Dungeon (12/15)            Temple (0/1) D:6            Lair (4/6) D:10
 Spider (0/4) Lair:2
  Swamp: Lair:2-4    Shoals: Lair:2-4       Orc: D:9-12

Altars:
Ashenzari
Cheibriados
Dithmenos
Elyvilon
Gozag
Hepliaklqana
Kikubaaqudgha
Makhleb
Okawaru
Qazlal
Ru
Trog
Wu Jian
Xom
Yredelemnul
The Shining One

Shops:
D:9 }   D:11 [

Annotations:
D:10 exclusion: downstairs


Message History

Confirm with . or Enter, or press ? or * to list all spells.
Aiming: Flame Tongue (safe; 1% risk of failure)
Press: ? - help, Shift-Dir - straight line, f/p - black mamba
Aim: a black mamba (severely wounded, umbra)
The flame tongue hits the black mamba.
The black mamba is almost dead.
* * * LOW HITPOINT WARNING * * *
You feel sick. You block the black mamba's attack.
Casting: Flame Tongue (safe; 1% risk of failure)
Confirm with . or Enter, or press ? or * to list all spells.
Aiming: Flame Tongue (safe; 1% risk of failure)
Press: ? - help, Shift-Dir - straight line, f/p - black mamba
Aim: a black mamba (almost dead, umbra)
The flame tongue hits the black mamba.
The black mamba appears unharmed.
The black mamba is almost dead.
* * * LOW HITPOINT WARNING * * *
You feel sick. The black mamba bites you!
* * * LOW HITPOINT WARNING * * *
The black mamba bites you!
You die...

##. .. #..##.
...... .(.. ##...
#...#### ##..##.##
♣.♣#..S##..######
≈≈....8.@....<...#
≈................#
♣..######...###.##
.. #..P# ## .
#...# #...# .....
.......


You could see a black mamba and a friendly lightning spire.

Vanquished Creatures
  A frost giant (IceCv)
  The ghost of DankestMemes the Skirmisher, a novice DsAK of Lugonu (D:7)
  2 ugly things
  A centaur zombie (D:11)
  An ice statue (IceCv)
  A cyclops (D:11)
  2 spiny frogs (Lair:2)
  A black mamba (Lair:2)
  2 centaur skeletons (D:10)
  3 trolls
  7 polar bears (IceCv)
  A hornet (D:11)
  4 hippogriffs
  A vampire (D:10)
  26 yaks
  A basilisk (Lair:1)
  3 hungry ghosts
  A vampire mosquito (D:10)
  A soldier ant (D:10)
  6 water moccasins
  4 porcupines
  5 orc warriors
  4 ice beasts
  3 sky beasts
  A black bear (D:11)
  An eye of draining (D:10)
  7 wolves (IceCv)
  4 ogres
  2 phantoms
  6 crocodiles
  5 centaurs
  2 big kobolds
  12 bullfrogs
  A wyvern zombie (D:9)
  2 scorpions
  4 killer bees
  13 wights
  An electric eel (Lair:3)
  6 howler monkeys
  4 crimson imps
  7 jellies
  5 orc wizards
  Crazy Yiuf (D:2)
  2 bullfrog skeletons (D:10)
  A gnoll shaman (D:7)
  4 orc priests
  3 hounds
  2 iguanas
  5 worker ants
  A hound skeleton (D:6)
  A hound zombie (D:9)
  A worker ant zombie (D:8)
  12 gnolls
  11 adders
  5 shadow imps
  8 white imps (D:12)
  2 oozes
  An adder zombie (D:5)
  2 worms (D:2)
  A dart slug (D:1)
  4 leopard geckos
  27 orcs
  4 ball pythons
  5 giant cockroaches
  5 goblins
  3 hobgoblins
  A jackal (D:11)
  18 kobolds
  4 quokkas
  A ball python zombie (D:3)
  4 bats
  4 frilled lizards
  A jackal skeleton (D:8)
  4 rats
313 creatures vanquished.

Vanquished Creatures (collateral kills)
  A hydra (Lair:2)
  Nergalle (Lair:3)
  Psyche (D:11)
  5 spiny frogs
  An efreet (D:11)
  5 polar bears (IceCv)
  A wyvern (Lair:3)
  7 yaks
  A water moccasin (Lair:2)
  A porcupine (Lair:3)
  5 wolves
  A crocodile (Lair:2)
  A big kobold (D:11)
  A gnoll sergeant (D:11)
  2 killer bees (D:11)
  2 crimson imps
  An orc wizard (D:11)
  2 gnolls (D:11)
  An adder (D:11)
  4 white imps (D:12)
  2 jackals (D:11)
  3 kobolds (D:11)
  3 fungi
52 creatures vanquished.

Grand Total: 365 creatures vanquished

Notes
Turn   | Place    | Note
-------+----------+-------------------------------------------
     0 | D:1      | zishaf the Deep Elf Fire Elementalist began the quest for
                  | the Orb.
     0 | D:1      | Reached XP level 1. HP: 10/10 MP: 6/6
   178 | D:1      | Reached XP level 2. HP: 15/15 MP: 4/8
   185 | D:1      | Learned a level 2 spell: Throw Flame
   941 | D:2      | Reached skill level 2 in Conjurations
   997 | D:2      | Reached XP level 3. HP: 19/19 MP: 3/9
  1298 | D:2      | Found a faded altar of an unknown god.
  1572 | D:2      | Found an iron altar of Okawaru.
  1718 | D:2      | Learned a level 3 spell: Conjure Flame
  1811 | D:2      | Reached XP level 4. HP: 24/24 MP: 1/10
  2095 | D:2      | Found a runed door.
  2099 | D:2      | Noticed Crazy Yiuf
  2108 | D:2      | Killed Crazy Yiuf
  2108 | D:2      | Reached skill level 3 in Conjurations
  2391 | D:3      | Found an ancient bone altar of Kikubaaqudgha.
  2523 | D:3      | Noticed an ogre
  2534 | D:3      | Killed an ogre
  2534 | D:3      | Reached XP level 5. HP: 28/28 MP: 1/11
  2618 | D:3      | Found a sacrificial altar of Ru.
  3237 | D:4      | Reached skill level 4 in Conjurations
  3237 | D:4      | Reached skill level 5 in Fire Magic
  3369 | D:4      | Noticed an ogre
  3382 | D:4      | Killed an ogre
  3382 | D:4      | Reached XP level 6. HP: 32/32 MP: 0/13
  3494 | D:4      | Learned a level 5 spell: Fireball
  3948 | D:4      | Found a shadowy altar of Dithmenos.
  3964 | D:4      | Became a worshipper of Dithmenos the Shadowed
  4101 | D:4      | Found a snail-covered altar of Cheibriados.
  4101 | D:4      | Found a shattered altar of Ashenzari.
  4399 | D:5      | Entered Level 5 of the Dungeon
  4494 | D:5      | Reached skill level 1 in Shields
  4601 | D:5      | Reached XP level 7. HP: 37/37 MP: 9/14
  4886 | D:5      | Reached skill level 5 in Conjurations
  4887 | D:5      | Reached skill level 1 in Fighting
  5067 | D:5      | Found a bloodstained altar of Trog.
  5067 | D:5      | Found an iron altar of Okawaru.
  5567 | D:6      | Found a burning altar of Makhleb.
  5567 | D:6      | Found a glowing golden altar of the Shining One.
  5568 | D:6      | Found an ornate altar of the Wu Jian Council.
  5956 | D:5      | Reached XP level 8. HP: 36/43 MP: 7/16
  6536 | D:6      | Found a staircase to the Ecumenical Temple.
  6539 | D:6      | Reached skill level 6 in Conjurations
  6878 | D:7      | Reached * piety under Dithmenos
  6907 | D:7      | Found a shimmering altar of Xom.
  6912 | D:7      | Found a hazy altar of Hepliaklqana.
  6915 | D:7      | Noticed a spectral ugly thing
  7267 | D:7      | Reached skill level 7 in Conjurations
  7321 | D:7      | Paralysed by a wight for 6 turns
  7327 | D:7      | Reached XP level 9. HP: 48/48 MP: 1/17
  7446 | D:7      | Found a runed gate.
  7448 | D:7      | Found a runed gate.
  7448 | D:7      | Found a runed gate.
  7448 | D:7      | Found an opulent altar of Gozag.
  7450 | D:7      | Noticed DankestMemes's ghost (novice DsAK)
  7455 | D:7      | Got a transparent plate armour
  7474 | D:7      | Identified the +9 plate armour "Xeleaf" {rPois rF+++ Str-5
                  | Dex-3} (You found it on level 7 of the Dungeon)
  7474 | D:7      | Lost strength.
  7524 | D:7      | Learned a level 4 spell: Summon Lightning Spire
  7725 | D:8      | Reached skill level 1 in Summonings
  7729 | D:8      | Reached skill level 1 in Air Magic
  7946 | D:8      | Reached ** piety under Dithmenos
  8837 | D:8      | Reached skill level 5 in Stealth
  8852 | D:9      | Noticed a troll
  8938 | D:9      | Found Yvyod's Gadget Emporium.
  8983 | D:9      | Reached skill level 8 in Conjurations
  9150 | D:9      | Found a basalt altar of Yredelemnul.
  9222 | D:9      | Killed a troll
  9227 | D:9      | Reached XP level 10. HP: 56/56 MP: 1/18
  9432 | D:9      | Found a white marble altar of Elyvilon.
  9647 | D:10     | Entered Level 10 of the Dungeon
  9675 | D:10     | Found a staircase to the Lair.
  9891 | D:10     | Reached skill level 5 in Summonings
  9899 | D:10     | Found a stormy altar of Qazlal.
  9930 | D:10     | Reached *** piety under Dithmenos
  9930 | D:10     | Reached skill level 5 in Air Magic
 10326 | D:9      | Reached skill level 5 in Dodging
 10697 | D:10     | Got a flickering amber ring
 10700 | D:10     | Got a translucent lead amulet
 10702 | D:10     | Identified the amulet "Unwuqav" {Inacc Str-4 Int+7 Dex+7}
                  | (You found it on level 10 of the Dungeon)
 10706 | D:10     | Identified the ring "Athahuarr" {*Drain rF+ rN+ Dex+5} (You
                  | found it on level 10 of the Dungeon)
 10715 | D:10     | Got a clouded ivory ring
 10718 | D:10     | Got a sparkling lead ring
 10735 | D:10     | Lost strength.
 10735 | D:10     | Identified the ring of Noep Kobbi {rElec MP+9 Str-5 Int+6}
                  | (You found it on level 10 of the Dungeon)
 10740 | D:10     | Identified the ring of Roocs {rF+ Str+6} (You found it on
                  | level 10 of the Dungeon)
 10795 | D:10     | Noticed a cyan ugly thing
 10862 | D:10     | Killed a cyan ugly thing
 11057 | D:10     | Reached skill level 9 in Conjurations
 11753 | D:11     | Found Mupinus's Antique Armour Shoppe.
 11755 | D:11     | Noticed a cyclops
 11756 | D:11     | Reached XP level 11. HP: 60/60 MP: 15/19
 11810 | D:11     | Noticed Psyche
 11824 | D:11     | Killed Psyche
 11877 | D:11     | Reached **** piety under Dithmenos
 11980 | D:11     | Noticed a cyan ugly thing
 12508 | D:11     | Killed a cyan ugly thing
 12596 | D:11     | Reached skill level 10 in Conjurations
 12942 | D:12     | Found a frozen archway.
 12943 | D:12     | Reached ***** piety under Dithmenos
 12981 | IceCv    | Entered an ice cave
 13289 | IceCv    | Reached skill level 5 in Spellcasting
 13422 | IceCv    | Noticed a frost giant
 13428 | IceCv    | Killed a frost giant
 13428 | IceCv    | Reached XP level 12. HP: 66/66 MP: 7/22
 13539 | IceCv    | Got an ichor-stained great sword
 13879 | Lair:1   | Entered Level 1 of the Lair of Beasts
 13995 | D:7      | Killed DankestMemes's ghost
 14204 | Lair:1   | Identified the +7 great sword of Infinite Pain {slice,
                  | rElec Str+2 Stlth+} (You found it in an ice cave)
 14433 | Lair:1   | Found an iron altar of Okawaru.
 14500 | Lair:1   | Reached skill level 1 in Staves
 15534 | Lair:2   | Noticed a seven-headed hydra
 15545 | Lair:2   | Killed a seven-headed hydra
 15545 | Lair:2   | Reached skill level 11 in Conjurations
 15551 | Lair:2   | Learned a level 3 spell: Inner Flame
 15598 | Lair:2   | Reached skill level 10 in Fire Magic
 15653 | Lair:2   | Reached skill level 1 in Evocations
 15822 | Lair:2   | Got a warped dagger
 15823 | Lair:2   | Identified the +5 dagger "Concordance" {flame, rElec rPois
                  | MR+} (You found it on level 2 of the Lair of Beasts)
 16003 | Lair:2   | Found a hole to the Spider Nest.
 16318 | Lair:3   | Reached skill level 1 in Hexes
 16495 | Lair:3   | Identified Koijyig's Compendium of Twisted Calling
 16650 | Lair:3   | Noticed Nergalle
 16660 | Lair:3   | Killed Nergalle
 16868 | Lair:4   | Slain by a black mamba

Vault maps used:
D:1:      elethiomel_arrival_infinity_welcomes_careful_drivers,
          minmay_shallow_snake_nest
D:2:      chequers_ecumenical_altar_simple_redux, okawaru_ov_weapons_minmay,
          uniq_crazy_yiuf_cottage
D:3:      kiku_gazebo_pond_becter, nicolae_ru_awakened_eye
D:4:      gammafunk_temple_overflow_wave, nicolae_dithmenos_shadow_blocks
D:5:      grunt_temple_overflow_bloody_war, first_ration, st_stairs_11
D:6:      gammafunk_temple_overflow_forgotten, minmay_temple_entry_nine_rooms
D:7:      regret_index_temple_of_mockery, ebering_ghost_gozag
D:9:      nicolae_overflow_hidden_temple, old_standard_altar, serial_shops,
          nicolae_shop_trees
D:10:     minmay_the_grid_triangle_9x9_recursive_2_mashed,
          grunt_qazlal_sundering
D:11:     serial_shops, shop, uniq_psyche
D:12:     erik_orc_4, portal_ice_cave_entry_imps, serial_shops, shop
Lair:1:   basic_altar
Lair:2:   dummy_spider_entry
Lair:3:   minmay_holes, beast_lair_carwin_2, serial_bayou_shore_b,
          infiniplex_staircase_pool, uniq_nergalle
Lair:4:   swamp_mist_pool, kennysheep_abandoned_house, grunt_megastairs_3
IceCv:    ice_cave_small_giant

Skill      XL: |  1  2  3  4  5  6  7  8  9 10 11 12 |
---------------+-------------------------------------+-----
Conjurations   | 2 3 4 5 7 8 9 10 11 | 11.0
Fire Magic     | 4 5 6 7 8 9 10 | 10.1
Dodging        | 3 4 6 8 9 |  9.9
Shields        | 1 3 4 |  4.4
Spellcasting   | 4 5 6 |  6.1
Fighting       | 1 3 4 |  4.2
Stealth        | 3 5 7 9 |  9.0
Summonings     | 4 6 |  6.1
Air Magic      | 4 6 |  6.1
Staves         | 4 |  4.0
Evocations     | 2 |  2.8
Hexes          | 3 |  3.0

Action                   |  1- 3 |  4- 6 |  7- 9 | 10-12 || total
-------------------------+-------+-------+-------+-------++-------
Melee: Dagger            |       |     7 |    15 |     4 ||    26
       Spear             |       |       |     1 |    40 ||    41
       Staff             |       |       |       |     3 ||     3
 Fire: Shortbow          |       |       |    23 |       ||    23
Throw: Stone             |       |       |     5 |       ||     5
 Cast: Flame Tongue      |    24 |    31 |   261 |   452 ||   768
       Throw Flame       |    35 |    32 |    69 |   156 ||   292
       Conjure Flame     |     1 |     2 |     8 |    13 ||    24
       Fireball          |       |       |       |    20 ||    20
       Summon Lightning  |       |       |       |    41 ||    41
  Use: Scroll            |       |     5 |     2 |     9 ||    16
 Stab: Distracted        |       |       |       |     1 ||     1
  Eat: Chunk             |     4 |     9 |    16 |    31 ||    60
       Ration            |       |       |       |     1 ||     1
Armor: Robe              |       |     2 |    11 |    32 ||    45
Dodge: Dodged            |     4 |     7 |    74 |   144 ||   229
Block: Buckler           |       |       |    17 |    49 ||    66

Table legend:
 A = Non-vault XP
 B = Vault XP
 C = Vault XP percentage of total XP
 D = Non-vault monster count
 E = Vault monster count
 F = Vault count percentage of total count
                 A         B        C        D         E       F
            +---------+---------+-------+---------+---------+-------
      Total |   21083 |   11394 |  35.1 |     285 |      77 |  21.3
            +---------+---------+-------+---------+---------+-------
        D:1 |      20 |       4 |  16.7 |      11 |       2 |  15.4
        D:2 |      74 |      41 |  35.7 |      19 |       1 |   5.0
        D:3 |     131 |       0 |   0.0 |       9 |       0 |   0.0
        D:4 |     362 |       0 |   0.0 |      12 |       0 |   0.0
        D:5 |     537 |     115 |  17.6 |      18 |       5 |  21.7
        D:6 |     432 |       0 |   0.0 |       9 |       0 |   0.0
        D:7 |    1292 |     788 |  37.9 |      33 |       4 |  10.8
        D:8 |    1427 |       0 |   0.0 |      29 |       0 |   0.0
        D:9 |    2035 |       0 |   0.0 |      21 |       0 |   0.0
       D:10 |    2426 |    1854 |  43.3 |      24 |      11 |  31.4
       D:11 |    4547 |     299 |   6.2 |      55 |       1 |   1.8
       D:12 |      50 |     110 |  68.8 |       1 |      12 |  92.3
     Lair:1 |    2517 |       0 |   0.0 |      17 |       0 |   0.0
     Lair:2 |    2889 |       0 |   0.0 |      12 |       0 |   0.0
     Lair:3 |    2344 |     932 |  28.4 |      15 |       5 |  25.0
      IceCv |       0 |    7251 | 100.0 |       0 |      36 | 100.0
            +---------+---------+-------+---------+---------+-------
